 Dungeon Crawl Stone Soup version 0.29.0-4-gdea44cf6ec (webtiles) character file.

Game seed: 5446291782236008656

144 qw the Chopper (level 5, -3/30 HPs)
             Began as a Tengu Warper on Aug 28, 2022.
             Slain by a gnoll
             ... wielding a +0 flail
              (11 damage)
             ... on level 2 of the Dungeon.
             The game lasted 00:00:12 (2280 turns).

qw the Chopper (Tengu Warper)                       Turns: 2280, Time: 00:00:12

Health: -3/30      AC:  5    Str: 19    XL:     5   Next: 26%
Magic:  9/9        EV: 13    Int: 13    God:
Gold:   83         SH:  0    Dex: 14    Spells: 8/8 levels left

rFire   . . .      SeeInvis .   Y - +0 war axe
rCold   . . .      Faith    .   (no shield)
rNeg    . . .      Spirit   .   i - +0 ring mail
rPois   .          Reflect  .   (helmet restricted)
rElec   .          Harm     .   (no cloak)
rCorr   .          Rampage  .   (no gloves)
Will    .....                   (boots unavailable)
Stlth   +.........              (no amulet)
HPRegen 0.10/turn               e - +4 ring of slaying {mikee}
MPRegen 0.11/turn               h - +6 ring of strength

@: attractive, flying quickly and evasively, quick
A: beak, talons 3, nimble flight
a: no special abilities


You were on level 2 of the Dungeon.
You visited 1 branch of the dungeon, and saw 2 of its levels.

You collected 83 gold pieces.


Innate Abilities, Weirdness & Mutations

You have a beak for a mouth.
You have claws for feet.
Your magical nature lets you fly swiftly and evasively.


   Skills:
 - Level 2.0 Fighting
 + Level 5.8 Axes
 - Level 1.0 Throwing
 - Level 1.1 Armour
 - Level 2.1 Dodging
 - Level 2.0 Spellcasting
 - Level 2.4 Translocations


You had 8 spell levels left.
You didn't know any spells.
Your spell library contained the following spells:

 Spells                   Type           Power      Damage    Failure   Level
 Blink                    Tloc           14%        N/A       26%         2
 Gell's Gravitas          Tloc           7%         N/A       45%         3
 Lesser Beckoning         Tloc           7%         N/A       45%         3
 Teleport Other           Tloc           7%         N/A       45%         3
 Manifold Assault         Tloc           7%         N/A       99%         5

Inventory:

Hand Weapons
 j - a +0 whip
 Y - a +0 war axe (weapon)
Armour
 i - a +0 ring mail (worn)
Jewellery
 e - a +4 ring of slaying (left hand) {mikee}
 h - a +6 ring of strength (right hand)
Scrolls
 b - a scroll of identify
Potions
 f - a potion of magic {unknown}
 g - a potion of might {unknown}
 k - a potion of heal wounds
 l - a potion of curing

Dungeon Overview and Level Annotations

Branches:
Dungeon (2/15)

Altars:
Xom


Message History

As you read the scroll labelled YXEREI RYS DAM, it crumbles to dust.
It is a scroll of amnesia.
You feel forgetful for a moment.
Done exploring.
2269 ||| DRINKING 2 orange potions.
It was a potion of attraction.
You feel attractive to monsters.
Done exploring.
2270 ||| DRINKING 2 silvery potions.
It was a potion of heal wounds.
You feel much better.
Done exploring.
2271 ||| DRINKING 2 fizzy dark potions.
It was a potion of curing.
You feel better.
Done exploring.
2272 ||| DRINKING 2 lumpy red potions.
It was a potion of flight.
You feel more buoyant.
Done exploring.
2273 ||| READING 2 scrolls of identify.
As you read the scroll of identify, it crumbles to dust.
a - a potion of berserk rage
2273 ||| IDENTIFYING fizzy purple potion Done exploring.
2274 ||| DROPPING potion of berserk rage.
You drop a potion of berserk rage.
Done exploring.
2275 ||| DROPPING potion of attraction.
You drop a potion of attraction.
Done exploring.
2276 ||| DROPPING potion of flight.
You drop a potion of flight.
Done exploring.
(D) Dungeon
Where to? (* - list waypoints, Enter - D:2, ? - help)
What level of the Dungeon? (default 1, ? - help)
You fly downwards.
The gnoll hits you with a +0 flail! The gnoll hits you with a +0 flail.
There is a stone staircase leading up, spattered with blood here.
You barely miss the gnoll. You claw the gnoll. You peck the gnoll.
The gnoll is moderately wounded.
The gnoll hits you with a +0 flail!
You barely miss the gnoll. You claw the gnoll.
The gnoll is heavily wounded.
The gnoll hits you with a +0 flail!
You die...

### ###.###### #.#
#.# #.# #.# #.#
##### ###.###
#######
#...######.....#
#......
#........@g....###
#.#####
#...######.......#
#.##### ####.###
#.....#.###......
#......#
#......#...[....#
#.##.#.#
###.###.###.###.#
#......# #.#
###.>.###.#
#..###.# ##'##
#.......# #[.# #.#
##...## #.......g
#..###.#
##.....####..#####


You could see a gnoll.

Vanquished Creatures
  Jessica (D:2)
  Natasha (twice) (D:2)
  3 gnolls (D:2)
  2 worms (D:2)
  2 ball pythons (D:2)
  4 bats
  4 endoplasms
  A goblin (D:2)
  6 hobgoblins
  2 kobolds (D:1)
  2 quokkas (D:2)
  3 frilled lizards
  2 rats
34 creatures vanquished.

Vanquished Creatures (others)
  A fungus (D:1)
  A plant (D:1)
2 creatures vanquished.

Grand Total: 36 creatures vanquished

Notes
Turn   | Place    | Note
-------+----------+-------------------------------------------
     0 | D:1      | qw the Tengu Warper began the quest for the Orb.
     0 | D:1      | Reached XP level 1. HP: 12/12 MP: 4/4
     0 | D:1      | 0 ||| qw: Version: 0.1-a-89-g26bdef1
     0 | D:1      | 0 ||| qw: Game counter: 3096
     0 | D:1      | 0 ||| qw: Always use a shield: true
     0 | D:1      | 0 ||| qw: God list: Okawaru
     0 | D:1      | 0 ||| qw: Allow faded altars: false
     0 | D:1      | 0 ||| qw: Do Orc after D:15 true
     0 | D:1      | 0 ||| qw: Do second Lair branch before Depths: true
     0 | D:1      | 0 ||| qw: Lair rune preference: random
     0 | D:1      | 0 ||| qw: Plans: Normal
     0 | D:1      | 0 ||| PLANNING D:1-11
   107 | D:1      | 107 ||| Stepping ~*~*~tactically~*~*~ (stealth).
   108 | D:1      | 108 ||| Stepping ~*~*~tactically~*~*~ (stealth).
   109 | D:1      | 109 ||| Stepping ~*~*~tactically~*~*~ (stealth).
   118 | D:1      | 118 ||| Stepping ~*~*~tactically~*~*~ (stealth).
   119 | D:1      | 119 ||| Stepping ~*~*~tactically~*~*~ (stealth).
   120 | D:1      | 120 ||| Stepping ~*~*~tactically~*~*~ (stealth).
   121 | D:1      | 121 ||| Stepping ~*~*~tactically~*~*~ (stealth).
   122 | D:1      | 122 ||| Stepping ~*~*~tactically~*~*~ (stealth).
   123 | D:1      | 123 ||| Stepping ~*~*~tactically~*~*~ (stealth).
   128 | D:1      | 128 ||| Stepping ~*~*~tactically~*~*~ (stealth).
   133 | D:1      | Reached XP level 2. HP: 13/17 MP: 6/6
   258 | D:1      | Reached skill level 3 in Axes
   345 | D:1      | 345 ||| Stepping ~*~*~tactically~*~*~ (stealth).
   349 | D:1      | 349 ||| Stepping ~*~*~tactically~*~*~ (stealth).
   474 | D:1      | Found a faded altar of an unknown god.
   771 | D:1      | 771 ||| UPGRADING to +0 ring mail.
   781 | D:1      | 781 ||| DROPPING +0 leather armour.
   782 | D:1      | 782 ||| UPGRADING to +4 ring of slaying {mikee}.
   783 | D:1      | 783 ||| UPGRADING to +6 ring of strength.
   784 | D:1      | 784 ||| READING scroll labelled AJUOSK OVVORUU.
   785 | D:1      | 785 ||| READING scroll labelled QYFIBI ELIQOC.
   786 | D:1      | 786 ||| READING scroll labelled ROMIOHOTAN.
   926 | D:1      | 926 ||| DROPPING scroll of blinking.
   958 | D:2      | Noticed Jessica
   961 | D:2      | 961 ||| Stepping ~*~*~tactically~*~*~ (hiding).
   968 | D:2      | Killed Jessica
   969 | D:2      | Reached skill level 4 in Axes
   969 | D:2      | Reached XP level 3. HP: 10/21 MP: 7/7
   974 | D:2      | 974 ||| FLEEEEING.
   984 | D:2      | 984 ||| STAIRDANCE
  1321 | D:2      | Found a shimmering altar of Xom.
  1393 | D:2      | 1393 ||| SWAPPING to +0 war axe.
  1396 | D:2      | 1396 ||| DROPPING +0 hand axe.
  1419 | D:2      | Reached XP level 4. HP: 22/26 MP: 8/8
  1697 | D:2      | Noticed Natasha
  1701 | D:2      | 1701 ||| Stepping ~*~*~tactically~*~*~ (hiding).
  1705 | D:2      | Killed Natasha
  1706 | D:2      | Reached skill level 5 in Axes
  1964 | D:2      | Noticed Natasha
  1968 | D:2      | Killed Natasha
  2075 | D:2      | 2075 ||| Stepping ~*~*~tactically~*~*~ (stealth).
  2076 | D:2      | 2076 ||| Stepping ~*~*~tactically~*~*~ (hiding).
  2077 | D:2      | 2077 ||| Stepping ~*~*~tactically~*~*~ (hiding).
  2078 | D:2      | 2078 ||| Stepping ~*~*~tactically~*~*~ (hiding).
  2079 | D:2      | 2079 ||| Stepping ~*~*~tactically~*~*~ (hiding).
  2087 | D:2      | Gained mutation: Your magical nature lets you fly swiftly
                  | and evasively. [Tengu growth]
  2087 | D:2      | Reached XP level 5. HP: 12/30 MP: 9/9
  2088 | D:2      | 2088 ||| Stepping ~*~*~tactically~*~*~ (stealth).
  2089 | D:2      | 2089 ||| Stepping ~*~*~tactically~*~*~ (stealth).
  2091 | D:2      | 2091 ||| FLEEEEING.
  2092 | D:2      | 2092 ||| Stepping ~*~*~tactically~*~*~ (stealth).
  2093 | D:2      | 2093 ||| Stepping ~*~*~tactically~*~*~ (stealth).
  2094 | D:2      | 2094 ||| FLEEEEING.
  2097 | D:2      | 2097 ||| FLEEEEING.
  2098 | D:2      | 2098 ||| FLEEEEING.
  2099 | D:2      | 2099 ||| FLEEEEING.
  2100 | D:2      | 2100 ||| FLEEEEING.
  2101 | D:2      | 2101 ||| FLEEEEING.
  2102 | D:2      | 2102 ||| FLEEEEING.
  2103 | D:2      | 2103 ||| FLEEEEING.
  2104 | D:2      | 2104 ||| FLEEEEING.
  2105 | D:2      | 2105 ||| FLEEEEING.
  2106 | D:2      | 2106 ||| FLEEEEING.
  2107 | D:2      | 2107 ||| FLEEEEING.
  2108 | D:2      | 2108 ||| FLEEEEING.
  2110 | D:2      | 2110 ||| FLEEEEING.
  2111 | D:2      | 2111 ||| FLEEEEING.
  2112 | D:2      | 2112 ||| FLEEEEING.
  2113 | D:2      | 2113 ||| FLEEEEING.
  2114 | D:2      | 2114 ||| FLEEEEING.
  2115 | D:2      | 2115 ||| FLEEEEING.
  2116 | D:2      | 2116 ||| FLEEEEING.
  2119 | D:2      | 2119 ||| FLEEEEING.
  2122 | D:2      | 2122 ||| FLEEEEING.
  2123 | D:2      | 2123 ||| FLEEEEING.
  2124 | D:2      | 2124 ||| FLEEEEING.
  2125 | D:2      | 2125 ||| FLEEEEING.
  2126 | D:2      | 2126 ||| FLEEEEING.
  2134 | D:2      | 2134 ||| FLEEEEING.
  2135 | D:2      | 2135 ||| FLEEEEING.
  2136 | D:2      | 2136 ||| FLEEEEING.
  2137 | D:2      | 2137 ||| FLEEEEING.
  2138 | D:2      | 2138 ||| STAIRDANCE
  2267 | D:1      | 2267 ||| READING scroll labelled RIFAGU YTONUTE.
  2268 | D:1      | 2268 ||| READING scroll labelled YXEREI RYS DAM.
  2269 | D:1      | 2269 ||| DRINKING 2 orange potions.
  2270 | D:1      | 2270 ||| DRINKING 2 silvery potions.
  2271 | D:1      | 2271 ||| DRINKING 2 fizzy dark potions.
  2272 | D:1      | 2272 ||| DRINKING 2 lumpy red potions.
  2273 | D:1      | 2273 ||| READING 2 scrolls of identify.
  2273 | D:1      | 2273 ||| IDENTIFYING fizzy purple potion
  2274 | D:1      | 2274 ||| DROPPING potion of berserk rage.
  2275 | D:1      | 2275 ||| DROPPING potion of attraction.
  2276 | D:1      | 2276 ||| DROPPING potion of flight.
  2280 | D:2      | Slain by a gnoll

Levels and vault maps discovered:
D:1:      arrival_zaba_pyramid, layout_basic,
          shapermc_ecumenical_altar_mp_ritualfount, dk_noncrumbling_4
D:2:      layout_loops_corners, basic_altar, uniq_natasha, uniq_jessica

Skill      XL: |  1  2  3  4 |
---------------+-------------+-----
Axes           | 4 5 |  5.8
Fighting       | |  2.0
Throwing       | |  1.0
Armour         | |  1.1
Dodging        | |  2.1
Spellcasting   | |  2.0
Translocations | |  2.4

Action                   |  1- 3 |  4- 6 || total
-------------------------+-------+-------++-------
Melee: Hand axe          |    38 |       ||    38
       Kick              |     8 |     8 ||    16
       Peck              |     4 |     1 ||     5
       Punch             |     1 |       ||     1
       War axe           |     5 |    21 ||    26
Throw: Boomerang         |     7 |       ||     7
  Use: Scroll            |     3 |     3 ||     6
       Potion            |       |     4 ||     4
Armor: Leather armour    |     4 |       ||     4
       Ring mail         |     2 |     1 ||     3
Dodge: Dodged            |    18 |    13 ||    31

Table legend:
 A = Non-vault XP
 B = Vault XP
 C = Vault XP percentage of total XP
 D = Non-vault monster count
 E = Vault monster count
 F = Vault count percentage of total count
                 A         B        C        D         E       F
            +---------+---------+-------+---------+---------+-------
      Total |     134 |      72 |  35.0 |      32 |       2 |   5.9
            +---------+---------+-------+---------+---------+-------
        D:1 |      25 |       0 |   0.0 |      14 |       0 |   0.0
        D:2 |     109 |      72 |  39.8 |      18 |       2 |  10.0
            +---------+---------+-------+---------+---------+-------
